 Dungeon Crawl Stone Soup version 0.19.5 (webtiles) character file.

553 sankara the Twirler (level 7, -3/60 HPs)
             Began as a Minotaur Gladiator on Mar 7, 2017.
             Was an Initiate of Ashenzari.
             Killed from afar by empire's ghost (19 damage)
             ... with a bolt of negative energy
             ... on level 5 of the Dungeon.
             The game lasted 00:12:24 (4557 turns).

sankara the Twirler (Minotaur Gladiator)            Turns: 4557, Time: 00:12:25

Health: -3/60      AC:  8    Str: 20    XL:     7   Next: 8%
Magic:  6/6        EV:  8    Int:  5    God:    Ashenzari [......]
Gold:   279        SH:  4    Dex: 10    Spells: 0 memorised, 6 levels left

rFire  . . .     SeeInvis .     a - +0 quarterstaff (curse)
rCold  . . .     Gourm    .     e - +0 chain mail
rNeg   . . .     Faith    .     (shield currently unavailable)
rPois  .         Spirit   .     c - +0 hat
rElec  .         Reflect  +     (no cloak)
rCorr  .         Harm     .     (no gloves)
MR     .....                    (no boots)
Stlth  ..........               w - +4 amulet of reflection
                                (no ring)
                                (no ring)

@: very slightly contaminated, heavily drained
A: retaliatory headbutt, horns 2, blurry vision 1, clumsy 1, regeneration 1
a: Curse Item, Renounce Religion


You were on level 5 of the Dungeon.
You worshipped Ashenzari.
Ashenzari was noncommittal.
You were hungry.

You visited 2 branches of the dungeon, and saw 6 of its levels.

You collected 279 gold pieces.

Inventory:

Hand Weapons
 a - a cursed +0 quarterstaff (weapon)
Missiles
 d - 3 throwing nets (quivered)
Armour
 c - a +0 hat (worn)
 e - a +0 chain mail (worn)
Jewellery
 w - a +4 amulet of reflection (around neck)
 y - an uncursed amulet of faith
 A - a +4 amulet of reflection
Wands
 t - a wand of disintegration (9/24)
 u - a wand of flame (11/48)
 x - a wand of acid (6/15)
 C - a wand of random effects (23/48)
Scrolls
 l - 3 scrolls of identify
 n - 2 scrolls of magic mapping {unknown}
 o - a scroll of fog {unknown}
 p - a scroll of immolation {unknown}
 q - 2 scrolls of remove curse
 r - 2 scrolls of noise {unknown}
 v - a scroll of enchant weapon {unknown}
 B - 2 scrolls of teleportation {unknown}
Potions
 i - 2 potions of curing
 j - a potion of magic
 m - a potion of lignification {unknown}
 z - a potion of might {unknown}
 F - a potion of heal wounds {unknown}
Books
 D - a book of Misfortune

   Spells                             Type                      Level
   a - Confusing Touch                Hexes                        1
   b - Confuse                        Hexes                        3
   c - Gell's Gravitas                Hexes/Translocation          3
   d - Petrify                        Transmutation/Earth          4
   e - Metabolic Englaciation         Hexes/Ice                    5
   f - Yara's Violent Unravelling     Hexes/Transmutation          5
Comestibles
 b - 3 meat rations
 f - 5 bread rations
 h - 2 slices of pizza
 E - a beef jerky


   Skills:
 + Level 4.7(3.3) Fighting
 * Level 6.7(5.2) Staves
 - Level 2.0(0.7) Throwing
 + Level 3.5(2.2) Armour
 + Level 5.0(3.6) Dodging


You had 6 spell levels left.
You didn't know any spells.

Dungeon Overview and Level Annotations

Branches:
Dungeon (5/15)             Temple (1/1) D:4

Altars:
Ashenzari
Cheibriados
Dithmenos
Fedhas
Gozag
Kikubaaqudgha
Makhleb
Nemelex Xobeh
Okawaru
Qazlal
Ru
Sif Muna
Vehumet
Xom
Zin
The Shining One

Annotations:
D:5 Sigmund; empire's ghost, novice DrMo


Innate Abilities, Weirdness & Mutations

You reflexively headbutt those who attack you in melee.
You have a pair of horns on your head.
Scrolls take you a little longer to read.
You are clumsy. (Dex -2)
Your natural rate of healing is unusually fast.


Message History

You completely miss empire's ghost. Your headbutt misses empire's ghost.
Empire's ghost is lightly damaged.
Empire's ghost hits you but does no damage.
You miss empire's ghost. Your headbutt misses empire's ghost.
Empire's ghost is lightly damaged.
Empire's ghost barely misses you.
You completely miss empire's ghost. Your headbutt misses empire's ghost.
Empire's ghost is lightly damaged.
Empire's ghost hits you! Empire's ghost burns you.
You miss empire's ghost.
Empire's ghost is lightly damaged.
Empire's ghost hits you!
* * * LOW HITPOINT WARNING * * *
Empire's ghost burns you.
* * * LOW HITPOINT WARNING * * *
You are too injured to fight recklessly!
There is an open door here.
Empire's ghost breathes negative energy at you.
The bolt of negative energy hits you!
You feel drained.
You die...

#... #...# ###...# .....#
#...# #...## .
#....######...
#...........#
#...W'@.#..## #...#####
#.####..# . #.......# ###
.. #.......##..##...
#######................
......................
.####..##...##.......(...
.......##...##+###..##...


You could see empire's ghost.

Vanquished Creatures
  2 bullfrog skeletons
  A hound (D:4)
  An iguana (D:5)
  Natasha (thrice) (D:2)
  An orc wizard (D:3)
  3 worker ants (D:4)
  A mummy (D:4)
  Robin (D:3)
  4 gnolls
  7 adders
  2 oozes
  4 worms
  A leopard gecko (D:3)
  7 orcs
  2 giant cockroaches (D:2)
  18 goblins
  12 hobgoblins
  11 jackals
  6 quokkas
  A ball python (D:1)
  9 bats
  A frilled lizard (D:3)
  A hobgoblin zombie (D:4)
  8 kobolds
  2 kobold zombies (D:4)
  An orc zombie (D:4)
  19 rats
129 creatures vanquished.

Vanquished Creatures (others)
  An orc (D:4)
1 creature vanquished.

Grand Total: 130 creatures vanquished

Notes
Turn   | Place    | Note
-------+----------+-------------------------------------------
     0 | D:1      | sankara the Minotaur Gladiator began the quest for the Orb.
     0 | D:1      | Reached XP level 1. HP: 18/18 MP: 0/0
    26 | D:1      | Reached XP level 2. HP: 21/25 MP: 1/1
   132 | D:1      | Reached skill level 4 in Staves
   426 | D:1      | Reached XP level 3. HP: 29/31 MP: 2/2
   518 | D:1      | Reached skill level 1 in Armour
   872 | D:2      | Reached XP level 4. HP: 38/38 MP: 3/3
  1290 | D:2      | Reached skill level 5 in Staves
  1332 | D:2      | Noticed Natasha
  1350 | D:2      | Killed Natasha
  1663 | D:2      | Reached XP level 5. HP: 43/46 MP: 4/4
  1981 | D:2      | Noticed Natasha
  1993 | D:2      | Killed Natasha
  2210 | D:2      | Noticed Natasha
  2215 | D:2      | Killed Natasha
  2369 | D:3      | Noticed Robin
  2389 | D:3      | Killed Robin
  2410 | D:3      | Found a stormy altar of Qazlal.
  2452 | D:3      | Reached XP level 6. HP: 46/52 MP: 5/5
  2819 | D:3      | Found a deep blue altar of Sif Muna.
  3273 | D:4      | Found a staircase to the Ecumenical Temple.
  3369 | Temple   | Entered the Ecumenical Temple
  3493 | Temple   | Became a worshipper of Ashenzari the Shackled
  3521 | D:4      | Reached skill level 6 in Staves
  4235 | D:5      | Entered Level 5 of the Dungeon
  4235 | D:5      | Noticed Sigmund
  4235 | D:5      | Noticed empire's ghost (novice DrMo)
  4289 | D:4      | Identified the +9 hand axe "Bopuilar" {venom, rPois Str+5} (You found it on level 4 of the Dungeon)
  4350 | D:5      | Reached skill level 5 in Dodging
  4350 | D:5      | Reached XP level 7. HP: 54/60 MP: 6/6
  4530 | D:4      | Gained mutation: You are clumsy. (Dex -2) [potion of mutation]
  4530 | D:4      | Gained mutation: Your natural rate of healing is unusually fast. [potion of mutation]
  4530 | D:4      | Gained mutation: Scrolls take you a little longer to read. [potion of mutation]
  4557 | D:5      | Killed from afar by empire's ghost

Skill      XL: |  1  2  3  4  5  6 |
---------------+-------------------+-----
Staves         | 4 5 6 |  6.7
Fighting       | 3 4 |  4.7
Armour         | 1 2 3 |  3.5
Dodging        | 4 5 |  5.0
Throwing       | |  2.0

Action                   |  1- 3 |  4- 6 |  7- 9 || total
-------------------------+-------+-------+-------++-------
Melee: Quarterstaff      |    72 |   210 |    24 ||   306
       Headbutt          |    10 |    36 |       ||    46
Invok: Curse Item        |       |     1 |       ||     1
  Use: Scroll            |       |     2 |       ||     2
       Potion            |       |       |     4 ||     4
 Stab: Invisible         |       |       |     1 ||     1
  Eat: Chunk             |       |    11 |       ||    11
Armor: Leather armour    |     2 |       |       ||     2
       Chain mail        |    44 |    97 |     7 ||   148
Dodge: Dodged            |    37 |   101 |    12 ||   150
Block: Other             |       |    15 |     2 ||    17
       Reflection        |       |     1 |       ||     1
